 Dungeon Crawl Stone Soup version 0.31.0-11-ge490571c62 (webtiles) character file.

Game seed: 15740767540751079919

60 Arctor the Firebug (level 3, -9/19 HPs)
             Began as a Deep Elf Fire Elementalist on Feb 4, 2024.
             Killed by divine providence
             ... invoked by an orc priest
              (10 damage)
             ... on level 2 of the Dungeon.
             The game lasted 00:00:52 (2287 turns).

Arctor the Firebug (Deep Elf Fire Elementalist)     Turns: 2287, Time: 00:00:53

Health: -9/19      AC:  3    Str:  5    XL:     3   Next: 82%
Magic:  3/10       EV: 13    Int: 21    God:
Gold:   103        SH:  0    Dex: 15    Spells: 6/9 levels left

rFire   . . .        (no weapon)
rCold   . . .        (no shield)
rNeg    . . .        a - +0 robe
rPois   .            (no helmet)
rElec   .            (no cloak)
rCorr   .            (no gloves)
SInv    .            e - +0 pair of boots
Will    .....        (no amulet)
Stlth   ++           (no ring)
HPRegen 0.23/turn    (no ring)
MPRegen 0.12/turn

%: no passive effects
@: no status effects
A: no striking features
a: no special abilities


You were on level 2 of the Dungeon.
You visited 1 branch of the dungeon, and saw 2 of its levels.

You collected 103 gold pieces.

Inventory:

Armour
 a - a +0 robe (worn)
 e - a +0 pair of boots (worn)
Jewellery
 l - a ring of poison resistance
Scrolls
 c - a scroll of immolation {unknown}
 d - a scroll of revelation {unknown}
 f - a scroll of noise {unknown}
 g - a scroll of vulnerability {unknown}
 j - a scroll of amnesia {unknown}
 k - a scroll of fog {unknown}
 n - a scroll of identify {unknown}
Potions
 b - a potion of magic
 h - a potion of curing {unknown}
 i - 2 potions of degeneration {unknown}
 m - a potion of might {unknown}


   Skills:
 + Level 3.1 Dodging
 + Level 3.2 Stealth
 + Level 3.6 Spellcasting
 + Level 2.0 Conjurations
 + Level 3.7 Fire Magic


You had 6 spell levels left.
You knew the following spells:

 Your Spells              Type           Power      Damage    Failure   Level
a - Foxfire               Conj/Fire      64%        2x1d7     3%          1
b - Scorch                Fire           38%        2d6       4%          2

Your spell library contained the following spells:

 Spells                   Type           Power      Damage    Failure   Level
 Inner Flame              Hex/Fire       11%        N/A       17%         3
 Volatile Blastmotes      Fire/Tloc      22%        2d11      17%         3
 Flame Wave               Conj/Fire      16%        2d7       36%         4


Dungeon Overview and Level Annotations

Branches:
Dungeon (2/15)

Altars:


Message History

You conjure some foxfire!
The foxfire hits the orc priest!
The orc priest is heavily wounded.
The orc priest shouts!
There is not enough space to conjure foxfire!
There is not enough space to conjure foxfire!
The foxfire hits the orc priest.
The orc priest is severely wounded.
An orc comes into view. It is wielding a +0 war axe.
You conjure some foxfire!
The orc shouts!
There is not enough space to conjure foxfire!
There is not enough space to conjure foxfire!
The foxfire hits the orc priest.
The orc priest is severely wounded.
An orc comes into view. It is wielding a +0 club.
You conjure some foxfire!
The orc shouts!
The foxfire hits the orc.
The orc is moderately wounded.
You conjure some foxfire!
The foxfire hits the orc.
The orc is almost dead.
You conjure some foxfire!
The foxfire hits the orc.
You kill the orc!
You conjure some foxfire!
The orc priest looks encouraged for a moment.
The foxfire hits the orc priest.
The orc priest is almost dead.
The orc priest calls down the wrath of Beogh upon you.
Beogh smites you!
You conjure some foxfire!
The orc priest mumbles some strange prayers to Beogh against you.
Beogh smites you!
* * * LOW HITPOINT WARNING * * *
The foxfire hits the orc priest but does no damage.
The orc priest is almost dead.
The orc priest invokes the aid of Beogh against you.
Beogh smites you!
Ouch! That really hurt!
You die...

.#.##............#
...##..#########.#
.####..# #.# .#
#..# #.# .# #..#
#.# .# #..# #.# .#
#..# #.# .# #..#
#.# .# #@# #ยง#
#.# ..# #o# #.#
#o# #.# #.# #.#
#.# #.# #.# #)#


You could see an orc priest and an orc.

Vanquished Creatures
  3 adders (D:2)
  A dart slug (D:2)
  A ribbon worm (D:2)
  An orc (D:2)
  A ball python (D:2)
  3 bats (D:2)
  3 endoplasms
  4 goblins
  2 hobgoblins
  2 jackals (D:1)
  3 kobolds
  2 frilled lizards
  A rat (D:1)
27 creatures vanquished.

Vanquished Creatures (collateral kills)
  3 foxfires (D:1)
3 creatures vanquished.

Vanquished Creatures (others)
  188 foxfires
188 creatures vanquished.

Grand Total: 218 creatures vanquished

Notes
Turn   | Place    | Note
-------+----------+-------------------------------------------
     0 | D:1      | Arctor the Deep Elf Fire Elementalist began the quest for
                  | the Orb.
     0 | D:1      | Reached XP level 1. HP: 10/10 MP: 6/6
    93 | D:1      | Found a faded altar of an unknown god.
   633 | D:1      | Reached XP level 2. HP: 15/15 MP: 2/8
  1479 | D:2      | Reached XP level 3. HP: 19/19 MP: 3/9
  1587 | D:2      | Learned a level 2 spell: Scorch
  2287 | D:2      | Killed from afar by an orc priest

Illustrated notes

Levels and vault maps discovered:
D:1:      nzn_arrival_crosshair, layout_basic, dreamdust_ecumenical_altar_grove
D:2:      layout_basic

Skill      XL: |  1  2  3 |
---------------+----------+-----
Stealth        | 3 |  3.2
Dodging        | 3 |  3.1
Conjurations   | 2 |  2.0
Spellcasting   | |  3.6
Fire Magic     | |  3.7

Action                     || total
---------------------------++-------
  Melee: Unarmed           ||     1
   Cast: Foxfire           ||   122
 Armour: Robe              ||     5
  Dodge: Dodged            ||     7
